 Dungeon Crawl Stone Soup version 0.20-a0-893-g832831a (webtiles) character file.

1555 espais the Destroyer (level 8, -3/41 HPs)
             Began as a Deep Elf Conjurer on Mar 17, 2017.
             Shot with an arrow by a centaur (14 damage)
             ... on level 6 of the Dungeon.
             The game lasted 00:14:06 (7195 turns).

espais the Destroyer (Deep Elf Conjurer)            Turns: 7195, Time: 00:14:07

Health: -3/41      AC:  4    Str:  9    XL:     8   Next: 58%
Magic:  19/22      EV: 13    Int: 23    God:
Gold:   292        SH:  0    Dex: 15    Spells: 10/24 levels left

rFire    . . .     SeeInvis +   B - +8 mace "Hacou" {venom, Str+4}
rCold    + . .     Gourm    .   a - +1 robe
rNeg     . . .     Faith    .   (no shield)
rPois    .         Spirit   .   v - +0 helmet
rElec    .         Reflect  .   (no cloak)
rCorr    .         Harm     .   (no gloves)
MR       .....                  (no boots)
Stlth    ++........             (no amulet)
Regen    0.2/turn               C - ring of protection from cold
MPRegen  0.2/turn               p - ring of see invisible

@: no status effects
A: no striking features
a: no special abilities


You were on level 6 of the Dungeon.
You were not hungry.

You visited 1 branch of the dungeon, and saw 6 of its levels.

You collected 292 gold pieces.

Inventory:

Hand Weapons
 d - a +1 dagger
 B - the +8 mace "Hacou" (weapon) {venom, Str+4}
   (You found it on level 4 of the Dungeon)

   It poisons the flesh of those it strikes.
   It affects your strength (+4).
Missiles
 h - 178 stones (quivered)
 x - a throwing net
Armour
 a - a +1 robe (worn)
 v - a +0 helmet (worn)
Jewellery
 p - a ring of see invisible (left hand)
 C - a ring of protection from cold (right hand)
Scrolls
 e - 9 scrolls of identify
 g - 4 scrolls of immolation
 j - 2 scrolls of amnesia
 k - 2 scrolls of enchant weapon
 l - 6 scrolls of teleportation
 o - 3 scrolls of remove curse
 s - a scroll of magic mapping
Potions
 i - 7 potions of curing
 m - a potion of might
 q - 3 potions of haste
 r - 3 potions of flight
 t - 2 potions of degeneration
 w - a potion of resistance
 z - 2 potions of heal wounds
 D - 2 potions of brilliance {unknown}
Books
 b - a book of Conjurations

   Spells                             Type                      Level
   a - Magic Dart                     Conjuration                  1
   b - Searing Ray                    Conjuration                  2
   c - Dazzling Spray                 Conjuration/Hexes            3
   d - Fulminant Prism                Conjuration/Hexes            4
   e - Force Lance                    Conjuration/Translocation    4
   f - Iskenderun's Mystic Blast      Conjuration                  4
 y - a book of Annihilations

   Spells                             Type                      Level
   a - Poison Arrow                   Conjuration/Poison           6
   b - Chain Lightning                Conjuration/Air              8
   c - Lehudib's Crystal Spear        Conjuration/Earth            8
   d - Glaciate                       Conjuration/Ice              9
   e - Fire Storm                     Conjuration/Fire             9
Comestibles
 c - 4 bread rations
 f - 7 fruits
 n - 2 royal jellies
 u - 4 meat rations
 A - 4 chunks of flesh


   Skills:
 - Level 2.4 Dodging
 - Level 2.4 Stealth
 + Level 8.5 Spellcasting
 * Level 10.6 Conjurations


You had 10 spell levels left.
You knew the following spells:

 Your Spells              Type           Power        Failure   Level  Hunger
a - Magic Dart            Conj           ####         1%          1    None
b - Searing Ray           Conj           ######       1%          2    None
c - Dazzling Spray        Conj/Hex       ####..       2%          3    None
d - Iskenderun's Mystic   Conj           ######..     1%          4    ##.....
e - Force Lance           Conj/Tloc      ####....     10%         4    ##.....


Dungeon Overview and Level Annotations

Branches:
Dungeon (6/15)
 Temple: D:4-7

Altars:


Message History

The centaur shoots an arrow.
The arrow barely misses you.
You see here an arrow.
The centaur shoots an arrow.
The arrow closely misses you.
The centaur shoots an arrow.
The arrow hits you!
You see here an arrow.
Casting: Magic Dart
Confirm with . or Enter, or press ? or * to list all spells.
Aiming: Searing Ray
Press: ? - help, Shift-Dir - straight line, f/p - centaur
Aim: a centaur, wielding a shortbow (lightly wounded)
The searing ray hits the centaur.
The centaur is heavily wounded. (Press . to maintain the ray.)
The centaur shoots an arrow.
The arrow completely misses you.
The searing ray hits the centaur.
The centaur is severely wounded.
The centaur shoots an arrow.
The arrow hits you.
* * * LOW HITPOINT WARNING * * *
The centaur shoots an arrow.
The arrow hits you!
You die...

#.......# #.......#
#.......# .....
###.......# .....
..#.......# ......
..#.......### .....
..#........ . #....
..........# #.#####..#
..........###.#.@....#
.#..............##..##
.##............##.(##
..............c..(####
..............c.(....#
.................###.###
..............(..# #...#
.###.............# ###.#
...##.........!.## #.#


You could see a centaur.

Vanquished Creatures
  Sigmund (D:4)
  The ghost of alphun the Insei, an amateur OpTm of Gozag (D:4)
  A phantom (D:6)
  2 ogres
  3 bullfrogs (D:6)
  A scorpion (D:4)
  An electric eel (D:6)
  2 jellies
  An orc priest (D:3)
  3 hounds
  3 orc wizards
  An iguana (D:4)
  Jessica (D:3)
  2 bullfrog skeletons
  4 worker ants (D:5)
  2 hound skeletons
  5 gnolls
  5 adders
  A shadow imp (D:5)
  An ooze (D:3)
  An adder skeleton (D:5)
  3 worms
  6 dart slugs
  11 leopard geckos
  4 orcs
  8 bats
  11 giant cockroaches
  9 goblins
  13 hobgoblins
  5 jackals (D:4)
  7 kobolds
  4 quokkas
  2 ball pythons
  10 frilled lizards
  A giant cockroach zombie (D:5)
  A jackal skeleton (D:5)
  2 leopard gecko skeletons (D:4)
  A leopard gecko zombie (D:5)
  A quokka zombie (D:5)
  5 rats
146 creatures vanquished.

Notes
Turn   | Place    | Note
-------+----------+-------------------------------------------
     0 | D:1      | espais the Deep Elf Conjurer began the quest for the Orb.
     0 | D:1      | Reached XP level 1. HP: 10/10 MP: 6/6
   187 | D:1      | Reached XP level 2. HP: 15/15 MP: 6/8
   191 | D:1      | Learned a level 2 spell: Searing Ray
   261 | D:1      | Reached skill level 5 in Conjurations
   693 | D:1      | Reached XP level 3. HP: 19/19 MP: 6/9
   742 | D:1      | Learned a level 3 spell: Dazzling Spray
  1209 | D:2      | Noticed Sigmund
  1587 | D:2      | Reached XP level 4. HP: 9/24 MP: 2/12
  1931 | D:2      | Learned a level 4 spell: Iskenderun's Mystic Blast
  2097 | D:2      | Reached skill level 6 in Conjurations
  2714 | D:2      | Reached XP level 5. HP: 28/28 MP: 11/13
  3273 | D:3      | Reached skill level 5 in Spellcasting
  3605 | D:3      | Learned a level 4 spell: Force Lance
  3711 | D:3      | Reached skill level 7 in Conjurations
  3879 | D:3      | Noticed Jessica
  3887 | D:3      | Killed Jessica
  3887 | D:3      | Reached XP level 6. HP: 32/32 MP: 12/15
  4524 | D:4      | Noticed alphun's ghost (amateur OpTm)
  4529 | D:4      | Killed alphun's ghost
  4529 | D:4      | Reached skill level 8 in Conjurations
  4529 | D:4      | Reached XP level 7. HP: 25/36 MP: 10/18
  4584 | D:4      | Found a glowing drain.
  4860 | D:4      | Killed Sigmund
  5036 | D:4      | Got a steaming mace
  5037 | D:4      | Identified the +8 mace "Hacou" {venom, Str+4} (You found it on level 4 of the Dungeon)
  5240 | D:5      | Entered Level 5 of the Dungeon
  5328 | D:5      | Reached skill level 9 in Conjurations
  5935 | D:5      | Reached XP level 8. HP: 41/41 MP: 16/21
  6549 | D:6      | Reached skill level 10 in Conjurations
  7195 | D:6      | Shot with an arrow by a centaur

Vault maps used:
D:1:      minmay_arrival_nine_rooms, minmay_hexomino_p4
D:2:      uniq_sigmund
D:3:      kennysheep_six_static_rooms, uniq_jessica
D:4:      gup_sewer_entry_pipe, hangedman_decor_lopped
D:5:      first_bread, serial_bayou_pond_a
D:6:      minivault_14, kennysheep_small_square

Skill      XL: |  1  2  3  4  5  6  7  8 |
---------------+-------------------------+-----
Conjurations   | 5 6 7 8 9 10 | 10.6
Spellcasting   | 4 5 6 7 8 |  8.5
Dodging        | |  2.4
Stealth        | |  2.4

Action                   |  1- 3 |  4- 6 |  7- 9 || total
-------------------------+-------+-------+-------++-------
Melee: Dagger            |    13 |     8 |       ||    21
       Mace              |       |       |     3 ||     3
 Cast: Magic Dart        |    59 |    96 |    90 ||   245
       Searing Ray       |     2 |    16 |    31 ||    49
  Use: Scroll            |     5 |     9 |     2 ||    16
 Stab: Sleeping          |     2 |     1 |       ||     3
  Eat: Chunk             |     2 |     9 |     8 ||    19
Armor: Robe              |     6 |     1 |     3 ||    10
Dodge: Dodged            |    16 |    14 |    26 ||    56
